 Dungeon Sprint DCSS version 0.28-a0-630-g0357d9c091 (webtiles) character file.

Game seed: 15535215035495140030

10400000 Colgate the Archmage (level 27, -6/165 (228) HPs)
             Began as a Djinni Warper on Oct 9, 2021.
             Was the Champion of Makhleb.
             Killed from afar by a wretched soul (84 damage)
             ... with a bolt of negative energy
             ... in the Dungeon (Sprint VIII: "Arena of Blood").
             The game lasted 00:09:08 (104 turns).

Colgate the Archmage (Djinni Warper)                 Turns: 104, Time: 00:09:09

HP:   -6/165 (228)  AC:  6    Str: 10    XL:     27
Gold: 0             EV: 33    Int: 19    God:    Makhleb [******] SH:  0 Dex: 22

rFire   + + .      SeeInvis .   i - +∞ Axe of Woe
rCold   x . .      Faith    .   (shield currently unavailable)
rNeg    . . .      Spirit   .   b - +0 leather armour
rPois   ∞          Reflect  .   (no helmet)
rElec   .          Harm     .   (no cloak)
rCorr   .          Rampage  .   (no gloves)
Will    ++...      NoTele   +   (boots unavailable)
Stlth   ++++++++++              (no amulet)
HPRegen 0.37/turn               (no ring)
MPRegen 0.00/turn               (no ring)

@: flying, very heavily drained
A: sickness immunity, fire resistance 2, cold vulnerability 1, float, innate
caster, hp casting, extra vitality 1
a: Renounce Religion, Minor Destruction, Lesser Servant of Makhleb, Major
Destruction, Greater Servant of Makhleb


You were in the Dungeon.
You worshipped Makhleb.
Makhleb was exalted by your worship.
You visited 1 branch

Inventory:

Hand Weapons
 a - a +0 hand axe
 i - the +∞ Axe of Woe (weapon)
   (You found it in the Dungeon)
Missiles
 d - 5 boomerangs of dispersal (quivered)
Armour
 b - a +0 leather armour (worn)
Scrolls
 c - 2 scrolls of blinking
Potions
 e - a potion of curing
 f - a potion of heal wounds
 g - a potion of haste
 h - a potion of berserk rage


   Skills:
 O Level 27 Fighting
 O Level 27 Short Blades
 O Level 27 Long Blades
 O Level 27 Axes
 O Level 27 Maces & Flails
 O Level 27 Polearms
 O Level 27 Staves
 O Level 27 Slings
 O Level 27 Bows
 O Level 27 Crossbows
 O Level 27 Throwing
 O Level 27 Armour
 O Level 27 Dodging
 O Level 27 Stealth
 O Level 27 Shields
 O Level 27 Unarmed Combat
 O Level 27 Spellcasting
 O Level 27 Invocations
 O Level 27 Evocations


You couldn't memorise any spells.
You knew the following spells:

 Your Spells              Type           Power      Damage    Failure   Level
a - Teleport Other        Tloc           91%        N/A       0%          3
b - Lesser Beckoning      Tloc           91%        N/A       0%          3
c - Gell's Gravitas       Tloc           45%        N/A       0%          3
d - Animate Skeleton      Necr           100%       N/A       0%          1
e - Manifold Assault      Tloc           91%        N/A       0%          5
f - Blink                 Tloc           N/A        N/A       0%          2
g - Call Imp              Summ           91%        N/A       0%          2
h - Corpse Rot            Necr/Air       N/A        N/A       0%          2
i - Stone Arrow           Conj/Erth      100%       3d13      0%          3
j - Petrify               Tmut/Erth      91%        N/A       0%          4
k - Yara's Violent Unrav  Hex/Tmut       45%        3d18      0%          5
l - Iron Shot             Conj/Erth      45%        9d9       0%          6
m - Haunt                 Necr/Summ      45%        N/A       1%          7
n - Dragon Form           Tmut           45%        N/A       1%          7
o - Spellforged Servitor  Conj/Summ      45%        N/A       1%          7
p - Maxwell's Capacitive  Air            45%        ∞         1%          8
q - Disjunction           Tloc           45%        N/A       1%          8
r - Polar Vortex          Ice            45%        N/A       2%          9
Your spell library was empty.

Dungeon Overview and Level Annotations

Branches:
Dungeon (1/1)

Altars:
Makhleb


Innate Abilities, Weirdness & Mutations

You are immune to sickness and miasma.
You are immune to poison.
Your flesh is very heat resistant. (rF++)
You are vulnerable to cold. (rC-)
You float through the air rather than walking.
You learn spells naturally, not from books.
Your magical power is your life essence.
You have superior vitality. (+4 HP)


Message History

The scourge appears out of thin air!
A scourge comes into view.
You hear a shout!
The scourge hisses angrily.
A meat berserker comes into view. It is wielding a +9 battleaxe.
A bag of meat comes into view. It is wielding a +9 war axe.
You hear a shout! x2
Casting: Manifold Assault (safe; 0% risk of failure)
Confirm with . or Enter, or press ? or * to list all spells.
Space momentarily warps into an impossible shape!
You dice the meat berserker like an onion!!!
You fatally mangle the meat berserker.
You kill the meat berserker!
Makhleb accepts your kill.
You slice the scourge!!
You dissect the scourge like a pig carcass.
You kill the scourge!
Makhleb accepts your kill.
You feel better.
You chop the bag of meat into pieces!!! You chop the bag of meat into pieces.
You kill the bag of meat!
Makhleb accepts your kill.
You hear a shout! x2
A bolt of negative energy appears from out of thin air!
The bolt of negative energy hits something.
The bolt of negative energy hits meat berserker.
Meat berserker completely resists.
Deactivating autopickup; reactivate with Ctrl-A.
The bolt of negative energy hits you!!!!
You feel drained.
Ouch! That really hurt!
A bolt of negative energy appears from out of thin air!
The bolt of negative energy hits meat berserker.
Meat berserker completely resists.
The bolt of negative energy misses you.
You hear a shout!
A bolt of negative energy appears from out of thin air!
The bolt of negative energy hits you!!!!
You feel drained.
Ouch! That really hurt!
You die...

)))). .. #).) .#
. #... ..#
..###))) .)###.
.....{###)..)○.
..){{Z..=))☼
#ZZ=..# #@)<._#
#)){=§#
.o..)=)=_=☼§○))
....).)###§.§...
.)###..) .)###.
. #.)) ..# #○§☼
o# )§°§) .. ..§§


You could see the friendly bag of meat the orc skeleton and 2 friendly ogre
skeletons.

Vanquished Creatures
  Sigmund (D)
  15 hell beasts (D)
  3 royal mummies (D)
  2 great orbs of eyes (D)
  7 wraiths (D)
  8 vampire knights (D)
  37 ogres (D)
  5 two-headed ogres (D)
  8 liches (D)
  3 hydras (D)
  62 orcs (D)
  7 skeletal warriors (D)
  A sea snake (D)
159 creatures vanquished.

Notes
Turn   | Place    | Note
-------+----------+-------------------------------------------
     0 | D        | Found the +∞ Axe of Woe
     0 | D        | Colgate the Djinni Warper began the quest for the Orb.
     0 | D        | Reached XP level 1. HP: 18/18 MP: 0/0
     0 | D        | Noticed a bag of meat
     1 | D        | Noticed a bag of meat
     3 | D        | Became a worshipper of Makhleb the Destroyer
     3 | D        | Noticed a bag of meat
     4 | D        | Noticed a bag of meat
     5 | D        | Noticed a bag of meat
     6 | D        | Killed a bag of meat
     6 | D        | Noticed a bag of meat
     7 | D        | Reached skill level 10 in Dodging
     7 | D        | Reached skill level 15 in Spellcasting
     7 | D        | Reached XP level 2. HP: 34/34 MP: 0/0
     7 | D        | Reached XP level 3. HP: 40/40 MP: 0/0
     7 | D        | Learned a level 1 spell: Animate Skeleton
     7 | D        | Reached XP level 4. HP: 45/45 MP: 0/0
     7 | D        | Reached XP level 5. HP: 50/50 MP: 0/0
     7 | D        | Learned a level 2 spell: Call Imp
     7 | D        | Reached XP level 6. HP: 57/57 MP: 0/0
     7 | D        | Reached XP level 7. HP: 61/61 MP: 0/0
     7 | D        | Learned a level 2 spell: Corpse Rot
     7 | D        | Reached XP level 8. HP: 67/67 MP: 0/0
     7 | D        | Reached XP level 9. HP: 73/73 MP: 0/0
     7 | D        | Learned a level 3 spell: Stone Arrow
     7 | D        | Reached XP level 10. HP: 78/78 MP: 0/0
     7 | D        | Reached XP level 11. HP: 84/84 MP: 0/0
     7 | D        | Learned a level 4 spell: Petrify
     7 | D        | Killed a bag of meat
     7 | D        | Reached * piety under Makhleb
     7 | D        | Killed a bag of meat
     7 | D        | Killed a bag of meat
     7 | D        | Killed a bag of meat
     7 | D        | Reached ** piety under Makhleb
     8 | D        | Reached XP level 12. HP: 98/98 MP: 0/0
     8 | D        | Reached XP level 13. HP: 103/103 MP: 0/0
     8 | D        | Learned a level 5 spell: Yara's Violent Unravelling
     8 | D        | Reached XP level 14. HP: 110/110 MP: 0/0
     8 | D        | Noticed a bag of meat
     8 | D        | Killed a bag of meat
     8 | D        | Noticed a meat berserker
     8 | D        | Noticed a bag of meat
     8 | D        | Noticed a bag of meat
     9 | D        | Noticed a bag of meat
     9 | D        | Noticed a bag of meat
     9 | D        | Killed a bag of meat
     9 | D        | Killed a bag of meat
     9 | D        | Reached *** piety under Makhleb
     9 | D        | Killed a bag of meat
     9 | D        | Noticed a bag of meat
    10 | D        | Reached skill level 15 in Fighting
    10 | D        | Reached skill level 15 in Axes
    10 | D        | Reached skill level 5 in Armour
    10 | D        | Reached skill level 15 in Dodging
    10 | D        | Reached XP level 15. HP: 120/120 MP: 0/0
    10 | D        | Learned a level 6 spell: Iron Shot
    10 | D        | Killed a meat berserker
    10 | D        | Reached **** piety under Makhleb
    11 | D        | Reached XP level 16. HP: 129/129 MP: 0/0
    11 | D        | Noticed a meat berserker
    12 | D        | Killed a meat berserker
    12 | D        | Noticed a meat berserker
    12 | D        | Noticed a meat berserker
    13 | D        | Reached skill level 27 in Spellcasting
    13 | D        | Reached XP level 17. HP: 139/139 MP: 0/0
    13 | D        | Learned a level 7 spell: Haunt
    13 | D        | Killed a meat berserker
    13 | D        | Reached ***** piety under Makhleb
    14 | D        | Killed a meat berserker
    14 | D        | Reached ****** piety under Makhleb
    15 | D        | Reached skill level 27 in Axes
    15 | D        | Reached skill level 5 in Throwing
    15 | D        | Reached XP level 18. HP: 166/166 MP: 0/0
    15 | D        | Noticed a meat berserker
    15 | D        | Noticed a meat berserker
    16 | D        | Killed a meat berserker
    16 | D        | Killed a meat berserker
    16 | D        | Noticed a meat berserker
    17 | D        | Reached skill level 27 in Fighting
    17 | D        | Reached skill level 27 in Dodging
    17 | D        | Reached XP level 19. HP: 174/174 MP: 0/0
    17 | D        | Learned a level 7 spell: Dragon Form
    17 | D        | Killed a meat berserker
    17 | D        | Noticed a meat berserker
    18 | D        | Reached XP level 20. HP: 181/181 MP: 0/0
    18 | D        | Killed a meat berserker
    18 | D        | Noticed a meat berserker
    19 | D        | Killed a meat berserker
    19 | D        | Noticed a meat berserker
    19 | D        | Noticed a meat berserker
    20 | D        | Reached skill level 27 in Throwing
    20 | D        | Killed a meat berserker
    20 | D        | Killed a meat berserker
    21 | D        | Reached XP level 21. HP: 187/187 MP: 0/0
    21 | D        | Learned a level 7 spell: Spellforged Servitor
    21 | D        | Noticed a meat berserker
    22 | D        | Killed a meat berserker
    23 | D        | Noticed a destroyer
    23 | D        | Killed a destroyer
    24 | D        | Reached skill level 10 in Staves
    24 | D        | Reached skill level 10 in Stealth
    24 | D        | Reached XP level 22. HP: 194/194 MP: 0/0
    26 | D        | Noticed a meat berserker
    27 | D        | Reached skill level 10 in Maces & Flails
    27 | D        | Reached skill level 10 in Polearms
    27 | D        | Reached skill level 10 in Slings
    27 | D        | Reached skill level 10 in Bows
    27 | D        | Reached skill level 10 in Crossbows
    27 | D        | Killed a meat berserker
    31 | D        | Noticed a destroyer
    31 | D        | Killed a destroyer
    31 | D        | Noticed a destroyer
    32 | D        | Reached skill level 15 in Armour
    32 | D        | Reached XP level 23. HP: 201/201 MP: 0/0
    32 | D        | Learned a level 8 spell: Maxwell's Capacitive Coupling
    32 | D        | Killed a destroyer
    36 | D        | Noticed a destroyer
    37 | D        | Killed a destroyer
    38 | D        | Reached skill level 15 in Short Blades
    38 | D        | Reached skill level 15 in Long Blades
    38 | D        | Reached skill level 15 in Shields
    38 | D        | Reached skill level 15 in Unarmed Combat
    38 | D        | Reached skill level 15 in Invocations
    38 | D        | Reached skill level 15 in Evocations
    43 | D        | Reached XP level 24. HP: 208/208 MP: 0/0
    44 | D        | Reached skill level 15 in Staves
    44 | D        | Reached skill level 15 in Stealth
    48 | D        | Reached skill level 15 in Maces & Flails
    48 | D        | Reached skill level 15 in Polearms
    48 | D        | Reached skill level 15 in Slings
    48 | D        | Reached skill level 15 in Bows
    48 | D        | Reached skill level 15 in Crossbows
    48 | D        | Noticed a tyrant
    49 | D        | Killed a tyrant
    50 | D        | Reached XP level 25. HP: 214/214 MP: 0/0
    50 | D        | Learned a level 8 spell: Disjunction
    50 | D        | Noticed a large bag of meat
    51 | D        | Killed a large bag of meat
    52 | D        | Noticed a large bag of meat
    52 | D        | Noticed a destroyer
    53 | D        | Killed a destroyer
    53 | D        | Killed a large bag of meat
    54 | D        | Noticed an accursed
    54 | D        | Noticed a tyrant
    54 | D        | Noticed a destroyer
    55 | D        | Killed a destroyer
    55 | D        | Killed a tyrant
    56 | D        | Reached XP level 26. HP: 221/221 MP: 0/0
    56 | D        | Killed an accursed
    56 | D        | Noticed a tyrant
    57 | D        | Killed a tyrant
    57 | D        | Noticed The Captor
    57 | D        | Noticed a destroyer
    58 | D        | Killed a destroyer
    58 | D        | Killed The Captor
    58 | D        | Noticed a meat beast
    59 | D        | Reached XP level 27. HP: 228/228 MP: 0/0
    59 | D        | Learned a level 9 spell: Polar Vortex
    59 | D        | Killed a meat beast
    61 | D        | Reached skill level 27 in Armour
    62 | D        | Noticed a meat beast
    62 | D        | Killed a meat beast
    62 | D        | Noticed a meat beast
    63 | D        | Reached skill level 27 in Short Blades
    63 | D        | Reached skill level 27 in Long Blades
    63 | D        | Reached skill level 27 in Shields
    63 | D        | Reached skill level 27 in Unarmed Combat
    63 | D        | Reached skill level 27 in Invocations
    63 | D        | Reached skill level 27 in Evocations
    63 | D        | Killed a meat beast
    64 | D        | Reached skill level 27 in Staves
    64 | D        | Reached skill level 27 in Stealth
    67 | D        | Reached skill level 27 in Maces & Flails
    67 | D        | Reached skill level 27 in Polearms
    67 | D        | Reached skill level 27 in Slings
    67 | D        | Reached skill level 27 in Bows
    67 | D        | Reached skill level 27 in Crossbows
    69 | D        | Noticed a dread
    70 | D        | Noticed a dread
    70 | D        | Killed a dread
    70 | D        | Killed a dread
    74 | D        | Noticed a meat beast
    75 | D        | Killed a meat beast
    75 | D        | Noticed a meat beast
    76 | D        | Killed a meat beast
    78 | D        | Noticed a meat beast
    78 | D        | Noticed a dread
    79 | D        | Killed a dread
    79 | D        | Killed a meat beast
    79 | D        | Noticed a tyrant
    80 | D        | Killed a tyrant
    80 | D        | Noticed a tyrant
    81 | D        | Killed a tyrant
    81 | D        | Noticed a meat beast
    82 | D        | Killed a meat beast
    84 | D        | Noticed a destroyer
    84 | D        | Killed a destroyer
    84 | D        | Noticed a meat beast
    85 | D        | Noticed a meat beast
    85 | D        | Killed a meat beast
    85 | D        | Killed a meat beast
    85 | D        | Noticed a dread
    86 | D        | Noticed a meat beast
    86 | D        | Killed a dread
    86 | D        | Killed a meat beast
    86 | D        | Noticed a dread
    87 | D        | Killed a dread
    87 | D        | Noticed a meat beast
    88 | D        | Noticed a meat beast
    88 | D        | Noticed an accursed
    89 | D        | Killed a meat beast
    89 | D        | Killed an accursed
    89 | D        | Killed a meat beast
    90 | D        | Noticed a large bag of meat
    91 | D        | Noticed an accursed
    91 | D        | Killed an accursed
    91 | D        | Killed a large bag of meat
    93 | D        | Noticed a meat beast
    93 | D        | Noticed a large bag of meat
    94 | D        | Killed a meat beast
    94 | D        | Killed a large bag of meat
    95 | D        | Noticed a tyrant
    95 | D        | Noticed a dread
    96 | D        | Killed a tyrant
    96 | D        | Killed a dread
    98 | D        | Noticed a tyrant
    98 | D        | Killed a tyrant
    98 | D        | Noticed a meat beast
    98 | D        | Noticed a dread
    99 | D        | Killed a meat beast
    99 | D        | Killed a dread
    99 | D        | Noticed a meat beast
    99 | D        | Noticed a large bag of meat
   100 | D        | Killed a meat beast
   100 | D        | Killed a large bag of meat
   100 | D        | Noticed a tyrant
   101 | D        | Killed a tyrant
   104 | D        | Killed from afar by a wretched soul

Illustrated notes

Levels and vault maps discovered:
D:        meatsprint

Skill      XL: |  1  2  3  4  5  6  7  8  9 10 11 12 13 14 15 16 17 18 19 20 21 22 23 24 25 26 27 |
---------------+----------------------------------------------------------------------------------+-----
Fighting       | 9 13 15 16 18 26 27 | 27.0
Axes           | 8 13 15 17 20 27 | 27.0
Throwing       | 3 5 16 23 27 | 27.0
Armour         | 3 4 5 7 8 11 13 15 17 19 22 25 27 | 27.0
Dodging        | 10 13 15 16 17 20 27 | 27.0
Spellcasting   | 15 21 24 26 27 | 27.0
Short Blades   | 7 11 13 15 18 21 24 27 | 27.0
Long Blades    | 7 11 13 15 18 21 24 27 | 27.0
Maces & Flails | 6 9 11 13 15 18 21 27 | 27.0
Polearms       | 6 9 11 13 15 18 21 27 | 27.0
Staves         | 7 10 12 14 17 19 23 27 | 27.0
Slings         | 6 9 11 13 15 18 21 27 | 27.0
Bows           | 6 9 11 13 15 18 21 27 | 27.0
Crossbows      | 6 9 11 13 15 18 21 27 | 27.0
Stealth        | 7 10 12 14 17 19 23 27 | 27.0
Shields        | 8 11 13 16 18 21 24 27 | 27.0
Unarmed Combat | 8 11 13 16 18 21 24 27 | 27.0
Invocations    | 8 11 13 16 18 21 24 27 | 27.0
Evocations     | 8 11 13 16 18 21 24 27 | 27.0

Action                   |  1- 3 |  4- 6 |  7- 9 | 10-12 | 13-15 | 16-18 | 19-21 | 22-24 | 25-27 || total
-------------------------+-------+-------+-------+-------+-------+-------+-------+-------+-------++-------
Melee: Executioner's axe |     1 |       |       |     4 |     6 |    15 |    15 |    20 |    99 ||   160
 Cast: Manifold Assault  |       |       |       |     1 |     3 |     4 |     6 |    18 |    46 ||    78
       Animate Skeleton  |       |       |       |       |       |     1 |     1 |     8 |     8 ||    18
Dodge: Dodged            |       |       |       |       |       |       |       |       |     3 ||     3

Table legend: (Time is in decaauts)
 A = Elapsed time spent in this place.
 B = Non-inter-level travel time spent in this place.
 C = Inter-level travel time spent in this place.
 D = Time resting spent in this place.
 E = Time spent auto-exploring this place.
 F = Levels seen in this place.
 G = Mean time per level.
                   A        B        C        D        E       F      G
               +--------+--------+--------+--------+--------+-----+--------+
         Total |     83 |     83 |      0 |      0 |      0 |   1 |   83.0 |
       Dungeon |     83 |     83 |      0 |      0 |      0 |   1 |   83.0 |
               +--------+--------+--------+--------+--------+-----+--------+

Top non-repeatable levels by time:
       D: 83 daAuts
